 Dungeon Sprint DCSS version 0.30-a0-1094-g860fb061e7 (webtiles) character file.

Game seed: 7296581518628801105

1120 Darkkill the Spear-Bearer (level 8, -7/74 HPs)
             Began as a Human Monk on Apr 17, 2023.
             Was a Believer of Nemelex Xobeh.
             Killed by divine providence
             ... invoked by a meliai
              (11 damage)
             ... in the Dungeon (Sprint IX: "|||||||||||||||||||||||||||||").
             The game lasted 00:01:49 (388 turns).

Darkkill the Spear-Bearer (Human Monk)               Turns: 388, Time: 00:01:49

Health: -7/74      AC:  9    Str: 16    XL:     8   Next: 61%
Magic:  8/8        EV: 17    Int: 12    God:    Nemelex Xobeh [**....]
Gold:   0          SH:  0    Dex: 18    Spells: 7/7 levels left

rFire   . . .      SeeInvis .    b - +2 scimitar (heavy)
rCold   . . .      Faith    .    d - orb {light}
rNeg    . . .      Spirit   .    q - +2 ring mail
rPois   .          Reflect  .    (no helmet)
rElec   .          Rampage  .    n - +0 cloak
rCorr   .          NoTele   +    (no gloves)
Will    .....                    m - +0 pair of boots
Stlth   +                        (no amulet)
HPRegen 0.32/turn                p - +3 ring of dexterity
MPRegen 0.11/turn                o - +3 ring of strength

@: spiked, glowing
A: no striking features
a: Renounce Religion, Draw Escape, Draw Destruction, Draw Summoning


You were in the Dungeon.
You worshipped Nemelex Xobeh.
Nemelex Xobeh was pleased with you.
You visited 1 branch

Inventory:

Hand Weapons
 b - a +2 heavy scimitar (weapon)
Armour
 d - an orb of light (worn)
 m - a +0 pair of boots (worn)
 n - a +0 cloak (worn)
 q - a +2 ring mail (worn)
Jewellery
 o - a +3 ring of strength (right hand)
 p - a +3 ring of dexterity (left hand)
Wands
 l - a wand of iceblast (9)
Scrolls
 j - a scroll of blinking
 k - 2 scrolls of amnesia
Potions
 c - a potion of ambrosia
 g - a potion of haste
 h - 4 potions of magic
 i - a potion of invisibility


   Skills:
 + Level 10.8 Fighting
 + Level 10.9 Polearms
 + Level 10.8 Dodging


You had 7 spell levels left.
You didn't know any spells.
Your spell library was empty.

Dungeon Overview and Level Annotations

Branches:
Dungeon (1/1)

Altars:
Cheibriados
Dithmenos
Elyvilon
Fedhas
Gozag
Hepliaklqana
Kikubaaqudgha
Makhleb
Nemelex Xobeh
Okawaru
Qazlal
Ru
Sif Muna
Trog
Uskayaw
Vehumet
Wu Jian
Xom
Yredelemnul
Zin
The Shining One
Jiyva
Lugonu


Message History

Your Dodging skill increases to level 10!
You have reached level 8!
You feel clever.
You barely miss the troll. The troll bites you but does no damage.
The troll claws you but does no damage. The troll claws you!
The troll barely misses you. The troll claws you but does no damage.
The troll closely misses you.
You slice the troll!!
The troll is severely wounded.
The troll completely misses you. The troll claws you but does no damage.
The troll barely misses you. x2; The troll claws you but does no damage.
The troll claws you.
You slice the troll!!
You kill the troll!
You start resting.
HP restored.
You see here a +0 robe.
There is an open door to the Dungeon, spattered with blood here.
Things that are here:
a yak corpse; a killer bee corpse You open the door.
An efreet, a kobold demonologist, a deep elf pyromancer, a slime creature, a meliai and an acid dragon come into view.
The efreet is wielding a +0 scimitar of flaming.
The kobold demonologist shouts!
The deep elf pyromancer shouts!
The meliai buzzes angrily.
The efreet gestures at you. The bolt of fire misses you.
The deep elf pyromancer casts a spell.
The deep elf pyromancer blinks!
Aiming: Iceblast
Press: ? - help, Q - select action, (/) - cycle Shift-Dir - straight line, f - efreet
Aim: an efreet, wielding a +0 scimitar of flaming (haloed)
The mass of ice explodes!
The iceblast engulfs the efreet!
The efreet is frozen!
The efreet is heavily wounded.
The iceblast engulfs the kobold demonologist!
The kobold demonologist is moderately wounded.
The kobold demonologist mumbles some strange words.
You slash the red devil!
The red devil is moderately wounded.
The deep elf pyromancer mumbles some strange words.
The deep elf pyromancer blinks!
The kobold demonologist mumbles some strange words.
The red devil hits you with a +0 trident!
Barbed spikes become lodged in your body.
The deep elf pyromancer mumbles some strange words.
The deep elf pyromancer blinks!
The red devil closely misses you.
You slash the red devil!
The red devil is severely wounded.
The deep elf pyromancer casts a spell.
The kobold demonologist mumbles some strange words.
The red devil closely misses you.
The deep elf pyromancer hits you with a +0 dagger.
The red devil hits you with a +0 trident.
Barbed spikes become lodged in your body.
You hit the red devil.
The red devil is severely wounded.
The deep elf pyromancer casts a spell at you.
The sticky flame hits you!
You are covered in liquid flames!
The red devil hits you with a +0 trident!
Barbed spikes become lodged in your body.
The deep elf pyromancer gestures wildly while chanting.
The deep elf pyromancer blinks!
The kobold demonologist casts a spell.
The red devil hits you with a +0 trident!
Barbed spikes become lodged in your body.
You hit the red devil but do no damage.
The red devil is severely wounded.
You are covered in liquid flames!
The deep elf pyromancer hits you with a +0 dagger.
* * * LOW HITPOINT WARNING * * *
The red devil hits you with a +0 trident.
* * * LOW HITPOINT WARNING * * *
Barbed spikes become lodged in your body.
The deep elf pyromancer gestures wildly while chanting.
The deep elf pyromancer blinks!
The kobold demonologist mumbles some strange words.
The red devil hits you with a +0 trident.
* * * LOW HITPOINT WARNING * * *
Barbed spikes become lodged in your body.
You slice the red devil!!
You kill the red devil!
The red devil disappears in a puff of smoke!
The deep elf pyromancer closely misses you.
The kobold demonologist mumbles some strange words.
The deep elf pyromancer mumbles some strange words.
The efreet gestures at you.
The fireball explodes!
The fireball engulfs the quasit!
The quasit resists.
The fireball engulfs you!
* * * LOW HITPOINT WARNING * * *
The fireball engulfs the efreet.
The efreet completely resists.
The deep elf pyromancer hits you but does no damage.
You slash the quasit!
You kill the quasit!
The quasit disappears in a puff of smoke!
The meliai mumbles some strange prayers to its god against you.
Something smites you!
You die...
Your body disappears without additional glow.

▓.▓
▓.▓
▓÷▓
▓.▓
▓.▓
▓E▓
▓E▓
▓e▓
▓@▓
▓§▓
▓R▓
▓K▓
▓4▓
▓J▓
▓y▓
▓D▓


You could see a slime creature, a deep elf pyromancer, a kobold demonologist, an
efreet, 2 fire elementals, a red devil (summoned), an acid dragon and a meliai.

Vanquished Creatures
  2 trolls (D)
  A wyvern (D)
  A yak (D)
  A steam dragon (D)
  A black bear (D)
  An ogre (D)
  A killer bee (D)
  A hound (D)
  An adder (D)
  An ufetubus (D)
  A dart slug (D)
  A bat (D)
  A giant cockroach (D)
  A hobgoblin (D)
  A frilled lizard (D)
16 creatures vanquished.

Notes
Turn   | Place    | Note
-------+----------+-------------------------------------------
     0 | D        | Darkkill the Human Monk began the quest for the Orb.
     0 | D        | Reached XP level 1. HP: 18/18 MP: 1/1
    21 | D        | Reached XP level 2. HP: 24/24 MP: 2/2
    30 | D        | Noticed an ogre
    30 | D        | Noticed a black bear
    37 | D        | Killed an ogre
    38 | D        | Reached skill level 5 in Fighting
    38 | D        | Reached skill level 5 in Polearms
    38 | D        | Reached skill level 5 in Dodging
    38 | D        | Reached XP level 3. HP: 34/34 MP: 3/3
    38 | D        | Reached XP level 4. HP: 40/40 MP: 4/4
    44 | D        | Killed a black bear
    45 | D        | Reached XP level 5. HP: 48/48 MP: 5/5
    48 | D        | Reached XP level 6. HP: 55/55 MP: 6/6
   101 | D        | Found a snail-covered altar of Cheibriados.
   101 | D        | Found a shadowy altar of Dithmenos.
   101 | D        | Found a white marble altar of Elyvilon.
   101 | D        | Found a blossoming altar of Fedhas.
   101 | D        | Found an opulent altar of Gozag.
   102 | D        | Found a hazy altar of Hepliaklqana.
   103 | D        | Found a viscous altar of Jiyva.
   104 | D        | Found an ancient bone altar of Kikubaaqudgha.
   105 | D        | Found a corrupted altar of Lugonu.
   106 | D        | Found a burning altar of Makhleb.
   107 | D        | Found a sparkling altar of Nemelex Xobeh.
   108 | D        | Found an iron altar of Okawaru.
   109 | D        | Found a stormy altar of Qazlal.
   110 | D        | Found a sacrificial altar of Ru.
   111 | D        | Found a shimmering blue altar of Sif Muna.
   112 | D        | Found a bloodstained altar of Trog.
   113 | D        | Found a hide-covered altar of Uskayaw.
   114 | D        | Found a radiant altar of Vehumet.
   115 | D        | Became a worshipper of Nemelex Xobeh the Trickster
   115 | D        | Reached * piety under Nemelex Xobeh
   115 | D        | Received a gift from Nemelex Xobeh
   115 | D        | Reached ** piety under Nemelex Xobeh
   116 | D        | Found an ornate altar of the Wu Jian Council.
   117 | D        | Found a shimmering altar of Xom.
   118 | D        | Found a basalt altar of Yredelemnul.
   119 | D        | Found a glowing silver altar of Zin.
   120 | D        | Found a glowing golden altar of the Shining One.
   185 | D        | Noticed a yak
   185 | D        | Noticed a steam dragon
   185 | D        | Noticed a wyvern
   185 | D        | Noticed a troll
   185 | D        | Noticed a troll
   189 | D        | Killed a yak
   190 | D        | Reached XP level 7. HP: 39/63 MP: 7/7
   190 | D        | HP: 11/63 [steam dragon (3)]
   193 | D        | Killed a steam dragon
   198 | D        | Killed a wyvern
   211 | D        | Killed a troll
   212 | D        | Reached skill level 10 in Fighting
   212 | D        | Reached skill level 10 in Polearms
   212 | D        | Reached skill level 10 in Dodging
   212 | D        | Reached XP level 8. HP: 35/73 MP: 8/8
   214 | D        | Killed a troll
   381 | D        | Noticed an efreet
   381 | D        | Noticed a kobold demonologist
   381 | D        | Noticed a deep elf pyromancer
   381 | D        | Noticed a slime creature
   381 | D        | Noticed a meliai
   383 | D        | Noticed a red devil
   384 | D        | Noticed a red devil
   385 | D        | Noticed a fire elemental
   385 | D        | Noticed a fire elemental
   387 | D        | HP: 3/74 [efreet/fireball (13)]
   388 | D        | Killed from afar by a meliai

Illustrated notes

Levels and vault maps discovered:
D:        linesprint [early_d, line_temple, items_1, d_10, items_2, lair_1,
          lair_end, items_3, orc_1, orc_end, items_4, d_15, swamp_1, shoals_1,
          snake_1, spider_1, d_20, vaults_1, items_5, swamp_end, shoals_end,
          snake_end, spider_end, vaults_end, d_27, items_6, zot_1, zot_end,
          crypt_end, forest_end, elf_end, slime_end, tomb_end, abyss_end,
          pan_hell_end]

Skill      XL: |  1  2  3  4  5  6  7 |
---------------+----------------------+-----
Fighting       | 5 7 8 10 | 10.8
Polearms       | 5 7 8 10 | 10.9
Dodging        | 5 7 8 10 | 10.8

Action                     |  1- 3 |  4- 6 |  7- 9 || total
---------------------------+-------+-------+-------++-------
  Melee: Spear             |    26 |    17 |       ||    43
         Scimitar          |       |     4 |    21 ||    25
  Evoke: Wand              |       |       |     1 ||     1
    Use: Potion            |     1 |       |     8 ||     9
         Scroll            |       |       |     1 ||     1
 Armour: Robe              |     2 |     2 |       ||     4
         Ring mail         |       |     1 |    10 ||    11
  Dodge: Dodged            |    15 |    10 |    51 ||    76

Table legend: (Time is in decaauts)
 A = Elapsed time spent in this place.
 B = Non-inter-level travel time spent in this place.
 C = Inter-level travel time spent in this place.
 D = Time resting spent in this place.
 E = Time spent auto-exploring this place.
 F = Levels seen in this place.
 G = Mean time per level.
                   A        B        C        D        E       F      G
               +--------+--------+--------+--------+--------+-----+--------+
         Total |    414 |    414 |      0 |    207 |      0 |   1 |  414.0 |
       Dungeon |    414 |    414 |      0 |    207 |      0 |   1 |  414.0 |
               +--------+--------+--------+--------+--------+-----+--------+

Top non-repeatable levels by time:
       D: 414 daAuts

Table legend:
 A = Kills in this place as a percentage of kills in the entire game.
 B = Kills by you in this place as a percentage of kills by you in the entire game.
 C = Kills by friends in this place as a percentage of kills by friends in the entire game.
 D = Other kills in this place as a percentage of other kills in the entire game.
 E = Experience gained in this place as a percentage of experience gained in the entire game.
 F = Experience gained in this place divided by the number of levels of this place that you have seen.
                   A       B       C       D       E      F
               +-------+-------+-------+-------+-------+----------------------
         Total | 100.0 | 100.0 |   N/A |   N/A | 100.0 | 1601.0
       Dungeon | 100.0 | 100.0 |   N/A |   N/A | 100.0 | 1601.0
               +-------+-------+-------+-------+-------+----------------------
